General information
- name: BNet
- type: Ladder 1vs1/FFA
- host: Battle.net
- saver: NastyButler
map: TwistedMeadows
- players: 2
- length: 28:53
- speed: Fast
- version: 1.26 W3XP
- replay type: Public
» download(92 KB)
Players
team 1 (loser)
RalevYaJ (
red | 60 APM | 1712 actions | 28:25)
4 Blademaster
2 Mirror Image
2 Wind Walk
3 Shadow Hunter
1 Healing Wave
2 Hex
» actions
| Assign group hotkey | 110 | |
| Basic commands | 14 | |
| Build / train | 78 | |
| ESC pressed | 4 | |
| Enter build submenu | 24 | |
| Enter hero's abilities submenu | 7 | |
| Right click | 675 | |
| Select / deselect | 404 | |
| Select group hotkey | 348 | |
| Use ability | 48 | |
1712 total
» units
| Peon | 13 | |
| Grunt | 11 | |
| Demolisher | 10 | |
| Shaman | 7 | |
| Troll Headhunter/Berserker | 8 | |
| Troll Batrider | 1 | |
| Wind Rider | 15 | |
65 total
» upgrades
» buildings
| Altar of Storms | 1 | |
| Orc Burrow | 5 | |
| Barracks | 1 | |
| Voodoo Lounge | 1 | |
| Stronghold | 1 | |
| War Mill | 1 | |
| Spirit Lodge | 1 | |
| Beastiary | 1 | |
| Watch Tower | 4 | |
| Fortress | 1 | |
| Great Hall | 1 | |
18 total
» build order
00:05 Altar of Storms
00:09 Orc Burrow
00:39 Barracks
01:20 Voodoo Lounge
01:52 Orc Burrow
02:30 Orc Burrow
05:03 Stronghold
05:11 Orc Burrow
05:54 War Mill
06:08 Orc Burrow
07:47 Spirit Lodge
10:37 Beastiary
11:08 Watch Tower
12:20 Watch Tower
13:31 Watch Tower
19:08 Watch Tower
19:20 Fortress
21:29 Great Hall
team 2 (winner)
NastyButler (
teal | 87 APM | 2500 actions | 28:53)
5 Archmage
2 Blizzard
3 Brilliance Aura
5 Blood Mage
3 Flame Strike
2 Banish
» actions
| Assign group hotkey | 54 | |
| Basic commands | 60 | |
| Build / train | 116 | |
| ESC pressed | 3 | |
| Enter build submenu | 60 | |
| Enter hero's abilities submenu | 10 | |
| Give item / drop item | 10 | |
| Right click | 1168 | |
| Select / deselect | 397 | |
| Select group hotkey | 370 | |
| Use ability | 252 | |
2500 total
» units
| Peasant | 22 | |
| Goblin Shredder | 2 | |
| Sorceress | 2 | |
| Goblin Zeppelin | 1 | |
| Gryphon Rider | 4 | |
| Dragonhawk Rider | 2 | |
33 total
» upgrades
| Masonry | 3 | |
| Magic Sentry | 1 | |
| Sorceress Training | 2 | |
| Swords | 3 | |
| Armor | 3 | |
| Storm Hammers | 1 | |
| Cloud | 1 | |
| Animal War Training | 1 | |
| Gunpowder | 1 | |
| Priest Training | 1 | |
17 total
» buildings
| Altar of Kings | 1 | |
| Farm | 20 | |
| Arcane Vault | 3 | |
| Lumber Mill | 1 | |
| Scout Tower | 31 | |
| Arcane Tower | 5 | |
| Keep | 2 | |
| Guard Tower | 10 | |
| Blacksmith | 1 | |
| Town Hall | 3 | |
| Arcane Sanctum | 1 | |
| Castle | 1 | |
| Gryphon Aviary | 5 | |
| Barracks | 1 | |
| Workshop | 1 | |
86 total
» build order
00:07 Altar of Kings
00:25 Farm
00:48 Farm
00:59 Arcane Vault
01:12 Lumber Mill
01:26 Scout Tower
01:51 Farm
02:20 Farm
02:23 Arcane Tower
03:04 Keep
03:12 Scout Tower
03:12 Scout Tower
03:35 Scout Tower
04:00 Guard Tower
04:06 Scout Tower
04:07 Guard Tower
04:10 Scout Tower
04:15 Blacksmith
06:09 Town Hall
06:51 Arcane Tower
07:06 Guard Tower
07:07 Guard Tower
07:09 Scout Tower
07:14 Scout Tower
07:15 Scout Tower
08:16 Guard Tower
08:38 Guard Tower
09:13 Farm
09:25 Arcane Sanctum
11:02 Castle
11:11 Scout Tower
12:58 Farm
13:00 Farm
13:02 Scout Tower
13:36 Scout Tower
13:37 Scout Tower
13:50 Arcane Tower
14:38 Arcane Tower
14:39 Guard Tower
14:44 Gryphon Aviary
14:44 Gryphon Aviary
14:45 Gryphon Aviary
14:46 Gryphon Aviary
14:49 Gryphon Aviary
14:55 Farm
14:56 Farm
14:57 Farm
14:58 Farm
15:01 Farm
15:02 Farm
15:04 Farm
17:19 Scout Tower
17:20 Scout Tower
18:57 Farm
18:59 Barracks
19:12 Guard Tower
21:20 Town Hall
21:24 Scout Tower
21:25 Scout Tower
21:26 Scout Tower
21:27 Scout Tower
21:28 Scout Tower
21:29 Scout Tower
21:30 Scout Tower
21:31 Scout Tower
21:50 Farm
21:51 Farm
21:56 Farm
21:56 Farm
21:58 Farm
22:49 Arcane Vault
22:55 Scout Tower
22:56 Scout Tower
22:57 Scout Tower
22:57 Scout Tower
22:58 Scout Tower
22:59 Scout Tower
22:59 Scout Tower
23:00 Scout Tower
23:02 Town Hall
23:35 Arcane Vault
23:43 Guard Tower
25:42 Arcane Tower
26:16 Guard Tower
27:11 Workshop
» items
| Mechanical Critter | 2 | |
| Lesser Clarity Potion | 3 | |
| Scroll of Regeneration | 7 | |
| Ivory Tower | 4 | |
| Potion of Healing | 5 | |
| Potion of Mana | 2 | |
| Boots of Speed | 2 | |
| Periapt of Vitality | 1 | |
| Potion of Lesser Invulnerability | 2 | |
| Scroll of Town Portal | 5 | |
| Staff of Teleportation | 2 | |
| Staff of Sanctuary | 1 | |
36 total
Chat log
(28:20 / All) RalevYaJ: lol
(28:22 / All) RalevYaJ: youre a faggot
(28:24 / All) NastyButler: so mad